 Dungeon Crawl Stone Soup version 0.31.0-11-ge490571c62 (webtiles) character file.

Game seed: 17424189962709582757

253 hawla the Chopper (level 5, -2/45 HPs)
             Began as a Minotaur Fighter on Feb 2, 2024.
             Incinerated by a bombardier beetle (4 damage)
             ... with a burning spray
             ... on level 4 of the Dungeon.
             The game lasted 00:04:54 (2528 turns).

hawla the Chopper (Minotaur Fighter)                Turns: 2528, Time: 00:04:55

Health: -2/45      AC: 10    Str: 23    XL:     5   Next: 90%
Magic:  4/4        EV:  9    Int:  5    God:
Gold:   106        SH:  4    Dex:  9    Spells: 4/4 levels left

rFire   . . .        a - +0 war axe
rCold   + . .        c - +0 buckler
rNeg    . . .        p - +2 scale mail {rC+}
rPois   .            (helmet restricted)
rElec   .            (no cloak)
rCorr   .            m - +0 pair of gloves
SInv    .            (no boots)
Will    +....        (no amulet) Stlth
                     g - ring of willpower
HPRegen 0.27/turn    s - ring of flight
MPRegen 0.09/turn

%: no passive effects
@: mighty, on fire, flying, glowing
A: horns 2, retaliatory headbutt
a: no special abilities


You were on level 4 of the Dungeon.
You visited 1 branch of the dungeon, and saw 4 of its levels.

You collected 106 gold pieces.

Inventory:

Hand Weapons
 a - a +0 war axe (weapon)
Missiles
 t - 5 boomerangs (quivered)
 y - a throwing net
Armour
 c - a +0 buckler (worn)
 m - a +0 pair of gloves (worn)
 p - a +2 scale mail of cold resistance (worn)
 w - a +0 kite shield
Jewellery
 g - a ring of willpower (left hand)
 q - a ring of magical power
 s - a ring of flight (right hand)
Scrolls
 b - a scroll of poison {unknown}
 f - 3 scrolls of blinking {unknown}
 h - a scroll of revelation {unknown}
 i - a scroll of enchant armour {unknown}
 j - 7 scrolls of identify {unknown}
 k - 4 scrolls of teleportation {unknown}
 o - 3 scrolls of enchant weapon {unknown}
 u - a scroll of fog {unknown}
 v - a scroll of noise {unknown}
 x - a scroll of immolation {unknown}
Potions
 e - 4 potions of curing {unknown}
 l - a potion of berserk rage {unknown}
 n - a potion of degeneration {unknown}
 r - 2 potions of attraction {unknown}
 z - a potion of magic {unknown}


   Skills:
 - Level 3.6 Fighting
 + Level 7.5 Axes
 - Level 3.6 Armour
 - Level 3.6 Shields


You had 4 spell levels left.
You didn't know any spells.
Your spell library contained the following spells:

 Spells                   Type           Power      Damage    Failure   Level
 Lesser Beckoning         Tloc           0%         N/A       94%         2
 Gell's Gravitas          Tloc           0%         N/A       99%         3
 Stone Arrow              Conj/Erth      0%         3d7       99%         3
 Teleport Other           Tloc           0%         N/A       99%         3
 Animate Armour           Summ/Erth      0%         N/A       100%        4
 Lehudib's Crystal Spear  Conj/Erth      0%         10d2      100%        8


Dungeon Overview and Level Annotations

Branches:
Dungeon (4/15)
 Temple: D:4-7

Altars:
Vehumet


Innate Abilities, Weirdness & Mutations

You have a pair of horns on your head.
You reflexively headbutt those who attack you in melee.


Message History

You shake off some of the fire as you move.
The liquid fire burns you! The ball python barely misses you. x2
You closely miss the ball python. You headbutt the ball python.
You kill the ball python!
The liquid fire burns you!
The bombardier beetle sprays incendiary fluid at you.
The burning spray hits you.
You are even more covered in liquid fire!
You shake off some of the fire as you move.
The liquid fire burns you!
You hit the kobold but do no damage. The liquid fire burns you!
You block the kobold's attack.
You completely miss the kobold. The liquid fire burns you!
The kobold hits you but does no damage. x2
You completely miss the kobold. The liquid fire burns you!
The kobold hits you but does no damage.
You slash the kobold!
You kill the kobold!
The liquid fire burns you!
You hit the bombardier beetle.
The bombardier beetle is lightly wounded.
The liquid fire burns you!
* * * LOW HITPOINT WARNING * * *
The bombardier beetle bites you but does no damage.
You feel very mighty all of a sudden. The liquid fire burns you!
* * * LOW HITPOINT WARNING * * *
The bombardier beetle bites you but does no damage.
You barely miss the bombardier beetle.
The bombardier beetle is lightly wounded.
The liquid fire burns you!
* * * LOW HITPOINT WARNING * * *
You hit the bombardier beetle.
The bombardier beetle is lightly wounded.
The liquid fire burns you!
You die...

#.##.# #.##.# #.....
#.##.. # #.##..
#.#############.##..
#.......^.......###.
########.###..........†.
#.....B@..##........###.
..#.#.#†#.##............
.........$##........####
..#.#.#.#..#........#
...........#.......##
..#.#.#.#.##########
..........# ..#.#.#?#.#


You could see a bombardier beetle.

Vanquished Creatures
  A bombardier beetle (D:3)
  An orc priest (D:3)
  A hound (D:4)
  Terence (D:2)
  2 orc wizards (D:2)
  3 adders
  2 dart slugs
  A ribbon worm (D:2)
  5 orcs
  6 bats
  4 endoplasms
  A giant cockroach (D:3)
  8 goblins
  6 hobgoblins
  3 jackals (D:1)
  A quokka (D:1)
  3 ball pythons
  2 frilled lizards
  4 kobolds
  3 rats (D:1)
58 creatures vanquished.

Notes
Turn   | Place    | Note
-------+----------+-------------------------------------------
     0 | D:1      | hawla the Minotaur Fighter began the quest for the Orb.
     0 | D:1      | Reached XP level 1. HP: 19/19 MP: 0/0
   120 | D:1      | Reached skill level 3 in Axes
   269 | D:1      | Reached XP level 2. HP: 26/26 MP: 1/1
   425 | D:1      | Reached skill level 4 in Axes
   723 | D:2      | Reached XP level 3. HP: 28/31 MP: 2/2
   794 | D:2      | Noticed Terence
   799 | D:2      | Killed Terence
   800 | D:2      | Reached skill level 5 in Axes
  1040 | D:2      | Reached XP level 4. HP: 37/39 MP: 3/3
  1102 | D:2      | Found a radiant altar of Vehumet.
  1648 | D:2      | Reached skill level 6 in Axes
  1650 | D:2      | Reached XP level 5. HP: 25/45 MP: 4/4
  1881 | D:3      | Reached skill level 7 in Axes
  2527 | D:4      | HP: 2/45 [burnt (4)]
  2528 | D:4      | Incinerated by a bombardier beetle

Illustrated notes

Levels and vault maps discovered:
D:1:      dpeg_arrival_stone_temple_mockup, layout_loops_ring
D:2:      layout_basic, basic_altar, serial_corexii_hall,
          corexii_hall_statues_x, chequers_hall_statues_corner_a,
          chequers_hall_statues_corner_a, chequers_hall_statues_corner_a,
          minmay_diced_spiral, uniq_terence
D:3:      layout_rooms
D:4:      layout_loops_cross, serial_glass, glass_columns_b, glass_columns_c,
          nicolae_zen_rock_garden

Skill      XL: |  1  2  3  4  5 |
---------------+----------------+-----
Axes           | 3 4 5 6 7 |  7.5
Fighting       | |  3.6
Armour         | |  3.6
Shields        | |  3.6

Action                     |  1- 3 |  4- 6 || total
---------------------------+-------+-------++-------
  Melee: War axe           |    59 |    58 ||   117
         Headbutt          |    12 |     8 ||    20
    Use: Potion            |       |     1 ||     1
 Armour: Scale mail        |    34 |    41 ||    75
  Dodge: Dodged            |    26 |    27 ||    53
  Block: Buckler           |    10 |    20 ||    30
